 Dungeon Crawl Stone Soup version 0.30-a0-715-gdb4ae3ece1 (webtiles) character file.

Game seed: 9083013813546878132

1625 Darius099 the Shield-Bearer (level 8, -1/52 HPs)
             Began as a Gargoyle Fighter on Jan 23, 2023.
             Was a Follower of Okawaru.
             Slain by an orc warrior
             ... wielding a +0 trident
              (9 damage)
             ... on level 6 of the Dungeon.
             The game lasted 00:11:09 (5090 turns).

Darius099 the Shield-Bearer (Gargoyle Fighter)      Turns: 5090, Time: 00:11:09

Health: -1/52      AC: 21    Str: 19    XL:     8   Next: 97%
Magic:  8/8        EV: 10    Int: 16    God:    Okawaru [*.....]
Gold:   287        SH:  5    Dex: 11    Spells: 7/7 levels left

rFire   + + .      SeeInvis .    B - +1 flail (protect)
rCold   + . .      Faith    .    c - +0 buckler
rNeg    + . .      Spirit   .    C - +0 ring mail {rF+}
rPois   ∞          Reflect  .    h - +0 helmet
rElec   +          Harm     .    (no cloak)
rCorr   +          Rampage  .    i - +0 pair of gloves
Will    .....                    (no boots)
Stlth   +                        (no amulet)
HPRegen 0.28/turn                o - +4 ring of slaying
MPRegen 0.11/turn                D - +6 ring of intelligence

@: resistant, under a protective aura
A: sickness immunity, AC +5, negative energy resistance 1, electricity
resistance, torment resistance 1, petrification resistance, wild magic 1, sturdy
frame 1
a: Renounce Religion, Heroism


You were on level 6 of the Dungeon.
You worshipped Okawaru.
Okawaru was aware of your devotion.
You visited 2 branches of the dungeon, and saw 7 of its levels.

You collected 287 gold pieces.

Inventory:

Hand Weapons
 B - a +1 flail of protection (weapon)
Armour
 c - a +0 buckler (worn)
 h - a +0 helmet (worn)
 i - a +0 pair of gloves (worn)
 C - a +0 ring mail of fire resistance (worn)
Jewellery
 o - a +4 ring of slaying (left hand)
 D - a +6 ring of intelligence (right hand)
Wands
 r - a wand of iceblast (7)
 y - a wand of paralysis (9)
Scrolls
 a - a scroll of brand weapon {unknown}
 g - a scroll of fear {unknown}
 j - 2 scrolls of vulnerability {unknown}
 k - 2 scrolls of butterflies {unknown}
 p - 3 scrolls of poison
 s - a scroll of immolation {unknown}
 t - 2 scrolls of blinking {unknown}
 w - 2 scrolls of enchant armour {unknown}
 A - a scroll of magic mapping {unknown}
 E - a scroll of teleportation {unknown}
Potions
 b - a potion of brilliance {unknown}
 d - 6 potions of might
 e - a potion of resistance
 f - a potion of ambrosia {unknown}
 m - a potion of mutation
 n - a potion of curing
 u - 2 potions of attraction
 v - a potion of cancellation
 x - 2 potions of haste
 z - 2 potions of flight


   Skills:
 + Level 6.8 Fighting
 + Level 5.7 Maces & Flails
 + Level 6.8 Armour
 + Level 6.9 Shields


You had 7 spell levels left.
You didn't know any spells.
Your spell library contained the following spells:

 Spells                   Type           Power      Damage    Failure   Level
 Beastly Appendage        Tmut           0%         N/A       47%         1
 Necrotise                Necr           0%         1d4       47%         1
 Sting                    Tmut/Pois      0%         1d3       47%         1
 Blink                    Tloc           0%         N/A       61%         2
 Lesser Beckoning         Tloc           0%         N/A       61%         2
 Momentum Strike          Conj/Tloc      0%         3d8       61%         2
 Poisonous Vapours        Pois/Air       0%         N/A       61%         2
 Wereblood                Tmut           0%         N/A       61%         2
 Mephitic Cloud           Conj/Pois/Air  0%         N/A       83%         3
 Spider Form              Tmut/Pois      0%         N/A       83%         3
 Vampiric Draining        Necr           0%         2d6       83%         3
 Olgreb's Toxic Radiance  Pois           0%         N/A       99%         4
 Agony                    Necr           0%         N/A       100%        5
 Cigotuvi's Dreadful Rot  Necr/Pois/Air  Unusable   N/A       N/A         2

Dungeon Overview and Level Annotations

Branches:
Dungeon (6/15)             Temple (1/1) D:4

Altars:
Ashenzari
Cheibriados
Dithmenos
Fedhas
Hepliaklqana
Kikubaaqudgha
Makhleb
Nemelex Xobeh
Okawaru
Qazlal
Ru
Sif Muna
Trog
Vehumet
Wu Jian
Xom
Zin
The Shining One


Innate Abilities, Weirdness & Mutations

You are immune to sickness and miasma.
Your stone body is resilient. (AC +5)
You are immune to poison.
You resist negative energy. (rN+)
You are resistant to electric shocks. (rElec)
You are resistant to unholy torment.
You are immune to petrification.
Your spells are a little harder to cast, but a little more powerful.
Your movements are slightly less encumbered by armour. (ER -2)


Message History

You hit the iguana but do no damage.
The iguana is almost dead.
You block the iguana's attack.
You sock the iguana!
You kill the iguana!
Okawaru accepts your kill.
The orc warrior hits you from afar with a +0 trident.
* * * LOW HITPOINT WARNING * * *
The orc warrior closely misses you.
The orc warrior hits you with a +0 trident!
* * * LOW HITPOINT WARNING * * *
You see here an iguana corpse.
You feel better.
The orc warrior hits you with a +0 trident.
* * * LOW HITPOINT WARNING * * *
You completely miss the orc warrior. You block the orc warrior's attack.
You thump the orc warrior!
The orc warrior is moderately wounded.
The orc warrior barely misses you.
You hit the orc warrior but do no damage.
The orc warrior is moderately wounded.
The orc warrior barely misses you.
You hit the orc warrior but do no damage.
The orc warrior is moderately wounded.
The orc warrior hits you but does no damage.
The orc warrior hits you with a +0 trident!
* * * LOW HITPOINT WARNING * * *
It was a potion of resistance.
You feel protected.
The orc warrior hits you but does no damage.
You feel better.
The orc warrior hits you but does no damage.
You hit the orc warrior.
The orc warrior is heavily wounded.
The orc warrior hits you with a +0 trident.
* * * LOW HITPOINT WARNING * * *
You thump the orc warrior!
The orc warrior is severely wounded.
The orc warrior hits you with a +0 trident!
You die...

#### #### #..# .....
#####..####.....
#...##.#O#o.....
#####.....#o#†......
######...#...##@#.#
#...)'.......#..###
#.####...#.###..#
#.# #.......#### #.#
#.......#.##### ##.#
#...#.#.#...... .#.#
#...#.#...#<... .#.#
#...#.........[ ...#
#...####...##.#


You could see an orc warrior and an ogre.

Vanquished Creatures
  Sigmund (D:4)
  A steam dragon (D:6)
  Menkaure (D:6)
  Edmund (D:4)
  A black bear (D:5)
  An orc warrior (D:6)
  An ogre (D:5)
  A phantom (D:4)
  A kobold brigand (D:6)
  A bullfrog (D:6)
  A howler monkey (D:6)
  3 hounds (D:6)
  6 iguanas
  5 orc wizards
  3 gnolls (D:3)
  5 adders
  An ufetubus (D:6)
  A worm (D:3)
  10 dart slugs
  10 orcs
  5 endoplasms
  3 giant cockroaches (D:1)
  6 goblins
  7 hobgoblins
  A jackal (D:1)
  2 quokkas
  6 ball pythons
  7 bats
  A frilled lizard (D:1)
  13 kobolds
  4 rats
110 creatures vanquished.

Vanquished Creatures (others)
  An orc wizard (D:4)
1 creature vanquished.

Grand Total: 111 creatures vanquished

Notes
Turn   | Place    | Note
-------+----------+-------------------------------------------
     0 | D:1      | Darius099 the Gargoyle Fighter began the quest for the Orb.
     0 | D:1      | Reached XP level 1. HP: 14/14 MP: 1/1
    75 | D:1      | Reached XP level 2. HP: 19/19 MP: 2/2
   193 | D:1      | Found a faded altar of an unknown god.
   399 | D:1      | Reached XP level 3. HP: 23/23 MP: 3/3
  1514 | D:3      | Reached XP level 4. HP: 15/29 MP: 4/4
  1928 | D:3      | Found a hazy altar of Hepliaklqana.
  2324 | D:3      | Found a faded altar of an unknown god.
  2328 | D:3      | Found a blossoming altar of Fedhas.
  2534 | D:4      | Found a broken altar of Ashenzari.
  2568 | D:4      | Reached XP level 5. HP: 29/33 MP: 5/5
  2638 | D:4      | Noticed Edmund
  2650 | D:4      | Killed Edmund
  2651 | D:4      | Reached XP level 6. HP: 31/39 MP: 6/6
  2694 | D:4      | Noticed Sigmund
  2699 | D:4      | Killed Sigmund
  2700 | D:4      | Reached skill level 5 in Fighting
  2700 | D:4      | Reached skill level 5 in Armour
  2700 | D:4      | Reached skill level 5 in Shields
  2825 | D:4      | Reached XP level 7. HP: 13/44 MP: 7/7
  2829 | D:4      | Found a staircase to the Ecumenical Temple.
  2834 | Temple   | Entered the Ecumenical Temple
  3601 | D:5      | Entered Level 5 of the Dungeon
  4026 | D:5      | Reached XP level 8. HP: 45/51 MP: 8/8
  4502 | D:6      | Found an iron altar of Okawaru.
  4511 | D:6      | Became a worshipper of Warmaster Okawaru
  4534 | D:6      | Found a stormy altar of Qazlal.
  4638 | D:6      | Reached skill level 5 in Maces & Flails
  4713 | D:6      | Found a sparkling altar of Nemelex Xobeh.
  4756 | D:6      | Noticed Menkaure
  4763 | D:6      | Killed Menkaure
  4880 | D:6      | Gained mutation: Your movements are slightly less
                  | encumbered by armour. (ER -2) [potion of mutation]
  4880 | D:6      | Gained mutation: Your spells are a little harder to cast,
                  | but a little more powerful. [potion of mutation]
  5059 | D:6      | Reached * piety under Okawaru
  5081 | D:6      | HP: 2/52 [orc warrior/+0 trident (10)]
  5090 | D:6      | Slain by an orc warrior

Illustrated notes

Levels and vault maps discovered:
D:1:      giann_horns, layout_basic, shapermc_ecumenical_altar_venn,
          nicolae_kite_square_tiling_tiny, minmay_tromino_i4
D:2:      layout_loops_cross, serial_park_tiny_pond
D:3:      layout_basic, mainiacjoe_overflow_brackets,
          nicolae_overflow_ecumenical_swirl
D:4:      layout_basic, evilmike_ruin_ashenzari, temple_statues,
          minmay_liquid_box, sigmund_edmund_badplayer, uniq_sigmund
D:5:      kennysheep_slugbush, layout_loops_ring, roderic_lattice_a,
          minmay_misc_feat_nine_boxes
D:6:      layout_basic, mainiacjoe_overflow_cross_hatched,
          mainiacjoe_overflow_alcove_1, old_standard_altar, wad_rectangle_vault,
          uniq_edmund, uniq_menkaure
Temple:   hellmonk_temple_flake

Skill      XL: |  1  2  3  4  5  6  7  8 |
---------------+-------------------------+-----
Shields        | 4 5 6 |  6.9
Armour         | 4 5 6 |  6.8
Fighting       | 4 5 6 |  6.8
Maces & Flails | 3 4 5 |  5.7

Action                     |  1- 3 |  4- 6 |  7- 9 || total
---------------------------+-------+-------+-------++-------
  Melee: Flail             |   123 |    64 |   219 ||   406
    Use: Potion            |       |       |     5 ||     5
         Scroll            |       |       |     7 ||     7
 Armour: Scale mail        |    95 |    35 |    56 ||   186
         Ring mail         |       |       |   129 ||   129
  Dodge: Dodged            |    70 |    29 |   117 ||   216
  Block: Buckler           |    25 |    13 |    62 ||   100

Table legend: (Time is in decaauts)
 A = Elapsed time spent in this place.
 B = Non-inter-level travel time spent in this place.
 C = Inter-level travel time spent in this place.
 D = Time resting spent in this place.
 E = Time spent auto-exploring this place.
 F = Levels seen in this place.
 G = Mean time per level.
                   A        B        C        D        E       F      G
               +--------+--------+--------+--------+--------+-----+--------+
         Total |   5231 |   5187 |     44 |    432 |   3315 |   7 |  747.3 |
       Dungeon |   4974 |   4930 |     44 |    432 |   3081 |   6 |  829.0 |
        Temple |    256 |    256 |      0 |      0 |    234 |   1 |  256.0 |
               +--------+--------+--------+--------+--------+-----+--------+

Top non-repeatable levels by time:
     D:3: 1067 daAuts
     D:4: 915 daAuts
     D:5: 907 daAuts
     D:1: 887 daAuts
     D:6: 621 daAuts
     D:2: 576 daAuts
  Temple: 256 daAuts
